 Dungeon Crawl Stone Soup version 0.30-b1-2-g02819fbbbe (webtiles) character file.

Game seed: 14214223391850814004

1873 LLlMATKO the Trooper (level 8, -8/73 HPs)
             Began as a Minotaur Berserker on June 13, 2023.
             Was a Priest of Trog.
             Mangled by a skeletal warrior
             ... wielding a +0 trident
              (12 damage)
             ... on level 6 of the Dungeon.
             The game lasted 00:05:38 (5620 turns).

LLlMATKO the Trooper (Minotaur Berserker)           Turns: 5620, Time: 00:05:39

Health: -8/73      AC: 14    Str: 25    XL:     8   Next: 91%
Magic:  7/7        EV: 10    Int:  4    God:    Trog [***...]
Gold:   400        SH:  5    Dex:  9    Spells: 7/7 levels left

rFire   . . .        n - +0 war axe
rCold   . . .        g - +0 buckler
rNeg    . . .        p - +0 chain mail
rPois   .            (helmet restricted)
rElec   .            a - +0 cloak
rCorr   .            d - +0 pair of gloves
SInv    +            D - +0 pair of boots
Will    .....        (no amulet) Stlth
                     s - ring of see invisible
HPRegen 0.32/turn    (no ring)
MPRegen 0.10/turn

%: no passive effects
@: on berserk cooldown, slowed, very slow
A: horns 2, retaliatory headbutt
a: Renounce Religion, Berserk, Trog's Hand


You were on level 6 of the Dungeon.
You worshipped Trog.
Trog was most pleased with you.
You visited 1 branch of the dungeon, and saw 7 of its levels.

You collected 400 gold pieces.

Inventory:

Hand Weapons
 n - a +0 war axe (weapon)
 y - a +2 whip of venom
Missiles
 f - 16 poisoned darts
 r - 3 javelins (quivered)
 v - 4 throwing nets
 C - 2 boomerangs
Armour
 a - a +0 cloak (worn)
 d - a +0 pair of gloves (worn)
 g - a +0 buckler (worn)
 p - a +0 chain mail (worn)
 D - a +0 pair of boots (worn)
Jewellery
 e - a ring of ice
 s - a ring of see invisible (left hand)
Wands
 A - a wand of paralysis (5)
 E - a wand of flame (26)
Scrolls
 b - a scroll of teleportation {unknown}
 i - 2 scrolls of vulnerability {unknown}
 j - 3 scrolls of fear {unknown}
 k - a scroll of fog {unknown}
 l - a scroll of poison {unknown}
 m - 2 scrolls of identify {unknown}
 o - a scroll of amnesia {unknown}
 q - a scroll of torment {unknown}
 u - 2 scrolls of immolation {unknown}
 x - a scroll of magic mapping {unknown}
 B - a scroll of enchant armour {unknown}
Potions
 c - 2 potions of curing {unknown}
 h - a potion of berserk rage {unknown}
 t - a potion of lignification {unknown}
 w - a potion of magic {unknown}
 z - a potion of haste {unknown}
 F - 2 potions of flight {unknown}


   Skills:
 + Level 7.2 Fighting
 + Level 7.2 Axes
 + Level 6.7 Armour
 + Level 6.1 Dodging
 + Level 5.7 Shields


You had 7 spell levels left.
You didn't know any spells.
Your spell library was empty.

Dungeon Overview and Level Annotations

Branches:
Dungeon (7/15)             Temple (0/1) D:5

Altars:
Gozag

Shops:
D:1 !   D:2 (

Annotations:
D:5 3 runed translucent doors, TrebMcFLY's ghost, novice DECj


Innate Abilities, Weirdness & Mutations

You have a pair of horns on your head.
You reflexively headbutt those who attack you in melee.


Message History

You furiously retaliate!
You headbutt the skeletal warrior! You slash the skeletal warrior!
The skeletal warrior is heavily damaged.
You block the skeletal warrior's attack.
You slash the skeletal warrior! You headbutt the skeletal warrior!
The skeletal warrior is severely damaged.
The skeletal warrior completely misses you.
You closely miss the skeletal warrior.
The skeletal warrior is severely damaged.
The skeletal warrior barely misses you.
You barely miss the skeletal warrior.
The skeletal warrior is severely damaged.
You closely miss the skeletal warrior.
The skeletal warrior is severely damaged.
You block the skeletal warrior's attack.
You barely miss the skeletal warrior.
You headbutt the skeletal warrior, but do no damage.
The skeletal warrior is severely damaged.
The skeletal warrior hits you with a +0 trident!!
You closely miss the skeletal warrior.
The skeletal warrior is severely damaged.
You are no longer berserk.
You are exhausted.
You feel yourself slow down.
The skeletal warrior hits you but does no damage.
You barely miss the skeletal warrior. You headbutt the skeletal warrior.
The skeletal warrior is severely damaged.
The skeletal warrior hits you with a +0 trident!
The skeletal warrior hits you with a +0 trident!!
* * * LOW HITPOINT WARNING * * *
You hit the skeletal warrior. You headbutt the skeletal warrior!
The skeletal warrior is almost destroyed.
The skeletal warrior hits you but does no damage.
You hit the skeletal warrior but do no damage.
You headbutt the skeletal warrior, but do no damage.
The skeletal warrior is almost destroyed.
The skeletal warrior hits you with a +0 trident!
* * * LOW HITPOINT WARNING * * *
The skeletal warrior hits you with a +0 trident!
You die...

.†..#####.....###.#
##........... .##......##.###
#.###....#..##...
####.##..##..#
##....##.###....# #..##..###.##
#...###.####..## #.####.# ##.#
#..## #..###.## #. #.##
#.###.#######...#.# .# ###..#
#..#####....##....# ..
#....###..#?)#.####.#....##
##....###.#####@z#.# #.#..#..##
##..# #...#..###.# #.##..#..#
#..# ##..#..###.####.###.###.
#...###...###..##)#..## ##.#..
..........###..##)#†.# ##.....
..##.......#..####)#)####..###.
...###..#....#..####.#....'.##
##
..##....#....###....##.88.###
.....##.†.†.#..#######.88.#


You could see a skeletal warrior.

Vanquished Creatures
  Eustachio (D:5)
  A water moccasin (D:6)
  An ice beast (D:6)
  An orc warrior (D:6)
  2 ogres
  2 centaurs
  A kobold brigand (D:6)
  A phantom (D:5)
  2 scorpions
  A howler monkey (D:5)
  3 orc priests
  5 hounds
  A sleepcap (D:6)
  A gnoll bouda (D:5)
  2 iguanas (D:5)
  4 orc wizards
  7 adders
  19 gnolls
  2 ufetubi (D:5)
  2 worms
  3 dart slugs
  15 orcs
  6 ball pythons
  2 bats
  8 endoplasms
  3 giant cockroaches
  4 goblins
  8 hobgoblins
  4 jackals (D:5)
  8 kobolds
  3 quokkas
  8 frilled lizards
  4 rats
135 creatures vanquished.

Notes
Turn   | Place    | Note
-------+----------+-------------------------------------------
     0 | D:1      | LLlMATKO the Minotaur Berserker began the quest for the
                  | Orb.
     0 | D:1      | Reached XP level 1. HP: 19/19 MP: 0/0
   136 | D:1      | Reached XP level 2. HP: 25/27 MP: 1/1
   321 | D:1      | Found Jenab's Distillery.
   641 | D:1      | Reached XP level 3. HP: 32/33 MP: 2/2
   905 | D:2      | Reached ** piety under Trog
   940 | D:2      | Reached XP level 4. HP: 37/41 MP: 3/3
   948 | D:2      | Reached skill level 1 in Shields
  1052 | D:2      | Found a faded altar of an unknown god.
  1159 | D:2      | Found Bomalob's Weapon Emporium.
  1665 | D:3      | Reached XP level 5. HP: 14/47 MP: 4/4
  2223 | D:3      | Noticed an ogre
  2231 | D:3      | Killed an ogre
  2478 | D:4      | Reached XP level 6. HP: 55/55 MP: 5/5
  2536 | D:4      | Reached skill level 5 in Fighting
  2536 | D:4      | Reached skill level 5 in Axes
  3481 | D:5      | Entered Level 5 of the Dungeon
  3481 | D:5      | Found a staircase to the Ecumenical Temple.
  3490 | D:5      | Reached XP level 7. HP: 61/61 MP: 6/6
  3505 | D:5      | Reached *** piety under Trog
  3588 | D:5      | Reached skill level 5 in Armour
  3811 | D:5      | Found a runed translucent gate.
  3811 | D:5      | Found a runed translucent gate.
  3811 | D:5      | Found a runed translucent gate.
  3848 | D:5      | Noticed TrebMcFLY's ghost (novice DECj)
  3867 | D:5      | Noticed Eustachio
  3885 | D:5      | Killed Eustachio
  3886 | D:5      | Reached skill level 5 in Dodging
  3886 | D:5      | Reached XP level 8. HP: 70/70 MP: 7/7
  4312 | D:6      | You fall into a shaft and drop 1 floor!
  4381 | D:7      | Found an opulent altar of Gozag.
  5067 | D:6      | Identified the +1 arbalest of Quej {speed, rC+}
  5110 | D:6      | Reached skill level 5 in Shields
  5450 | D:6      | Noticed a skeletal warrior
  5620 | D:6      | Mangled by a skeletal warrior

Illustrated notes

Levels and vault maps discovered:
D:1:      psy_arrival_conway, layout_loops_ring, serial_shops,
          nicolae_shop_real_fake_doors, hex_tiny, minmay_lizard_pond
D:2:      layout_rooms, serial_shops, shop,
          shapermc_ecumenical_altar_mp_highgroup, st_stairs_6,
          chequers_serial_rivers_micro_c, chequers_serial_rivers_micro_b
D:3:      layout_basic, kennysheep_orc_chapel
D:4:      layout_loops_corners
D:5:      layout_cave_pools, minmay_temple_entry_overgrown,
          gammafunk_ghost_split, uniq_eustachio
D:6:      minmay_chambers_of_fours, layout_layer_cave
D:7:      layout_loops_ring, grunt_gozag_breadcrumbs, uniq_crazy_yiuf_cottage

Skill      XL: |  1  2  3  4  5  6  7  8 |
---------------+-------------------------+-----
Fighting       | 4 5 6 7 |  7.2
Axes           | 4 5 6 7 |  7.2
Armour         | 3 4 5 6 |  6.7
Dodging        | 3 4 5 6 |  6.1
Shields        | 1 2 3 4 5 |  5.7

Action                     |  1- 3 |  4- 6 |  7- 9 || total
---------------------------+-------+-------+-------++-------
  Melee: Hand axe          |    72 |    16 |       ||    88
         Headbutt          |     7 |    20 |    21 ||    48
         War axe           |       |   102 |   138 ||   240
 Invoke: Berserk           |     1 |     2 |     5 ||     8
   Stab: Sleeping          |     1 |       |       ||     1
 Armour: Animal skin       |     6 |     7 |       ||    13
         Chain mail        |       |    53 |    72 ||   125
  Dodge: Dodged            |    49 |    71 |    87 ||   207
  Block: Buckler           |     2 |    23 |    30 ||    55
